TOP OF THE 1ST |
Toledo Mud Hens batting - Pitching for Charlotte Knights : RHP Takao Saito
|
Pitching: RHP Takao Saito
|
|
Batting: RHB Brady Jeleniewski
|
0-0: Fly out, F7 (Flyball, 7LM, EV 91.3 MPH)
|
Batting: LHB Jamel Alexander
|
0-0: Called Strike 0-1: Ball 1-1: Ball 2-1: Ball 3-1: Called Strike 3-2: Strikes out swinging
|
Batting: RHB Tim Borden
|
0-0: Called Strike 0-1: Ball 1-1: Called Strike 1-2: Foul Ball, location: 2F 1-2: Ball 2-2: Strikes out swinging
|
Top of the 1st over - 0 runs, 0 hits, 0 errors, 0 left on base; Toledo 0 - Charlotte 0 |
BOTTOM OF THE 1ST |
Charlotte Knights batting - Pitching for Toledo Mud Hens : RHP Gordie Pierson
|
Pitching: RHP Gordie Pierson
|
|
Batting: LHB Hirakito Herring
|
0-0: Ball 1-0: Fly out, F8 (Line Drive, 8RM, EV 98.1 MPH)
|
Batting: RHB Jeff Brower
|
0-0: Ball 1-0: Ball 2-0: Called Strike 2-1: Called Strike 2-2: Ball 3-2: SINGLE (Line Drive, 8RS, EV 111.9 MPH)
|
Batting: LHB Sonny Flood
|
0-0: Called Strike 0-1: Ball 1-1: Foul Ball, location: 2F 1-2: Strikes out swinging
|
Batting: LHB Jorge Rosales
|
0-0: Called Strike 0-1: Fly out, F8 (Line Drive, 8RD, EV 94.4 MPH)
|
Bottom of the 1st over - 0 runs, 1 hit, 0 errors, 1 left on base; Toledo 0 - Charlotte 0 |
TOP OF THE 2ND |
Toledo Mud Hens batting - Pitching for Charlotte Knights : RHP Takao Saito
|
Batting: RHB Dave Calder
|
0-0: Ball 1-0: Ball 2-0: Ball 3-0: Base on Balls
|
Batting: RHB Zach Koblinski
|
0-0: Ball Dave Calder steals 2nd base 1-0: Foul Ball, location: 2F 1-1: Ball 2-1: Ball 3-1: Ground out 5-3 (Groundball, 56S, EV 83.8 MPH)
|
Batting: SHB Raul Morales
|
0-0: Ball 1-0: Called Strike 1-1: Ball 2-1: Ground out 6-3 (Groundball, 6D, EV 110.6 MPH)
|
Batting: SHB Jared Boyce
|
0-0: Ground out 6-3 (Groundball, 6, EV 86.9 MPH)
|
Top of the 2nd over - 0 runs, 0 hits, 0 errors, 1 left on base; Toledo 0 - Charlotte 0 |
BOTTOM OF THE 2ND |
Charlotte Knights batting - Pitching for Toledo Mud Hens : RHP Gordie Pierson
|
Batting: RHB Will Washburn
|
0-0: Fly out, F6 (Popup, 56, EV 50.6 MPH)
|
Batting: LHB Brian Dickeson
|
0-0: Foul Ball, location: 2F 0-1: Foul Ball, location: 2F 0-2: Strikes out looking
|
Batting: RHB Erik Christensen
|
0-0: Ball 1-0: Fly out, F9 (Flyball, 9LM, EV 88.8 MPH)
|
Bottom of the 2nd over - 0 runs, 0 hits, 0 errors, 0 left on base; Toledo 0 - Charlotte 0 |
TOP OF THE 3RD |
Toledo Mud Hens batting - Pitching for Charlotte Knights : RHP Takao Saito
|
Batting: RHB Casey Knutson
|
0-0: Ball 1-0: Ball 2-0: Ball 3-0: Called Strike 3-1: Foul Ball, location: 2F 3-2: Base on Balls
|
Batting: RHB Josh Stinnett
|
0-0: Ball 1-0: TRIPLE (Line Drive, 9LD, EV 109.4 MPH) Casey Knutson scores
|
Batting: RHB Brady Jeleniewski
|
0-0: DOUBLE (Line Drive, 7LD, EV 99.4 MPH) Josh Stinnett scores
|
Batting: LHB Jamel Alexander
|
0-0: Ball Brady Jeleniewski steals 3rd base (no throw) 1-0: Foul Ball, location: 2F 1-1: Called Strike 1-2: Ball 2-2: Foul Ball, location: 2F 2-2: Ball Wild Pitch! Brady Jeleniewski scores 3-2: Base on Balls
|
Batting: RHB Tim Borden
|
0-0: Ball Jamel Alexander steals 2nd base 1-0: SINGLE (Line Drive, 34D, EV 98.8 MPH) Jamel Alexander to third Runner from 3rd tries for Home, SAFE, throw by RF to home
|
Batting: RHB Dave Calder
|
0-0: Ball 1-0: Called Strike 1-1: Fielders Choice at 2nd, 6-4 (Groundball, 56, EV 89.4 MPH)
|
Batting: RHB Zach Koblinski
|
0-0: Foul Ball, location: 2F 0-1: Ball 1-1: Foul Ball, location: 2F 1-2: Ball 2-2: Ball 3-2: Ground out 6-3 (Groundball, 6S, EV 66.3 MPH) Dave Calder to second
|
Batting: SHB Raul Morales
|
0-0: Foul Ball, location: 2F 0-1: Ball 1-1: SINGLE (Groundball, 4M, EV 85.6 MPH) (infield hit) Dave Calder to third
|
Batting: SHB Jared Boyce
|
0-0: Ball Raul Morales steals 2nd base 1-0: Ball 2-0: Ball 3-0: Base on Balls
|
Batting: RHB Casey Knutson
|
0-0: Called Strike 0-1: Ball 1-1: Called Strike 1-2: Ball 2-2: Strikes out swinging
|
Top of the 3rd over - 4 runs, 4 hits, 0 errors, 3 left on base; Toledo 4 - Charlotte 0 |
BOTTOM OF THE 3RD |
Charlotte Knights batting - Pitching for Toledo Mud Hens : RHP Gordie Pierson
|
Batting: RHB Harvey Harvey
|
0-0: Called Strike 0-1: Ground out 6-3 (Groundball, 6, EV 108.1 MPH)
|
Batting: RHB Jeff Cox
|
0-0: Called Strike 0-1: Ball 1-1: SINGLE (Groundball, 56S, EV 71.9 MPH) (infield hit)
|
Batting: LHB Hirakito Herring
|
0-0: Called Strike 0-1: Called Strike 0-2: Grounds into double play, 4-6-3 (Groundball, 4, EV 89.4 MPH)
|
Bottom of the 3rd over - 0 runs, 1 hit, 0 errors, 0 left on base; Toledo 4 - Charlotte 0 |
TOP OF THE 4TH |
Toledo Mud Hens batting - Pitching for Charlotte Knights : RHP Takao Saito
|
Batting: RHB Josh Stinnett
|
0-0: Ball 1-0: Called Strike 1-1: Called Strike 1-2: Strikes out swinging
|
Batting: RHB Brady Jeleniewski
|
0-0: Foul Ball, location: 2F 0-1: Called Strike 0-2: Ball 1-2: Ball 2-2: Strikes out looking
|
Batting: LHB Jamel Alexander
|
0-0: Ball 1-0: Ball 2-0: Foul Ball, location: 2F 2-1: Ball 3-1: Called Strike 3-2: SINGLE (Groundball, 6MD, EV 103.1 MPH) (infield hit)
|
Batting: RHB Tim Borden
|
0-0: Called Strike Jamel Alexander steals 2nd base (no throw) 0-1: Called Strike 0-2: Ball 1-2: 2-RUN HOME RUN (Flyball, 8LXD, EV 111.3 MPH), Distance : 431 ft
|
Pitching: RHP Jon Huizenga
|
|
Batting: RHB Dave Calder
|
0-0: Ball 1-0: Ball 2-0: Ball 3-0: Called Strike 3-1: Called Strike 3-2: Strikes out swinging
|
Top of the 4th over - 2 runs, 2 hits, 0 errors, 0 left on base; Toledo 6 - Charlotte 0 |
BOTTOM OF THE 4TH |
Charlotte Knights batting - Pitching for Toledo Mud Hens : RHP Gordie Pierson
|
Batting: RHB Jeff Brower
|
0-0: Ball 1-0: Foul Ball, location: 2F 1-1: Swinging Strike 1-2: Foul Ball, location: 2F 1-2: Foul Ball, location: 2F 1-2: SINGLE (Line Drive, 9LS, EV 91.9 MPH)
|
Batting: LHB Sonny Flood
|
0-0: Ball 1-0: Called Strike 1-1: Swinging Strike 1-2: Ball 2-2: Ball 3-2: SINGLE (Line Drive, 9LS, EV 106.3 MPH) Jeff Brower to second
|
Batting: LHB Jorge Rosales
|
0-0: Fly out, F8 (Flyball, 8LXD, EV 90.0 MPH) Runner from 2nd tags up, SAFE at 3rd, no throw by CF
|
Batting: RHB Will Washburn
|
0-0: Ball Sonny Flood steals 2nd base 1-0: Ball 2-0: Ball 3-0: Base on Balls
|
Batting: LHB Brian Dickeson
|
0-0: Ball 1-0: Swinging Strike 1-1: SINGLE (Line Drive, 89M, EV 93.1 MPH) Jeff Brower scores Sonny Flood to third Will Washburn to second Runner from 3rd tries for Home, SAFE, throw by RF to home
|
Batting: RHB Erik Christensen
|
0-0: Foul Ball, location: 2F 0-1: Foul Ball, location: 2F 0-2: Strikes out swinging
|
Batting: RHB Harvey Harvey
|
0-0: Ball 1-0: Fielders Choice at 2nd, 6-4 (Groundball, 6, EV 98.8 MPH)
|
Bottom of the 4th over - 2 runs, 3 hits, 0 errors, 2 left on base; Toledo 6 - Charlotte 2 |
TOP OF THE 5TH |
Toledo Mud Hens batting - Pitching for Charlotte Knights : RHP Jon Huizenga
|
Batting: RHB Zach Koblinski
|
0-0: Ball 1-0: Ground out 5-3 (Groundball, 56, EV 100.6 MPH)
|
Batting: SHB Raul Morales
|
0-0: Called Strike 0-1: Ground out 4-3 (Groundball, 4M, EV 87.5 MPH)
|
Batting: SHB Jared Boyce
|
0-0: Ball 1-0: Foul Ball, location: 2F 1-1: Called Strike 1-2: Foul Ball, location: 2F 1-2: Strikes out swinging
|
Top of the 5th over - 0 runs, 0 hits, 0 errors, 0 left on base; Toledo 6 - Charlotte 2 |
BOTTOM OF THE 5TH |
Charlotte Knights batting - Pitching for Toledo Mud Hens : RHP Gordie Pierson
|
Batting: RHB Jeff Cox
|
0-0: Called Strike 0-1: Ball 1-1: Called Strike 1-2: Ground out 6-3 (Groundball, 6, EV 101.3 MPH)
|
Batting: LHB Hirakito Herring
|
0-0: Called Strike 0-1: Ball 1-1: Foul Ball, location: 2F 1-2: Foul Ball, location: 2F 1-2: Ground out 1-3 (Groundball, 34S, EV 61.3 MPH)
|
Batting: RHB Jeff Brower
|
0-0: Ground out 5-3 (Groundball, 56, EV 88.1 MPH)
|
Bottom of the 5th over - 0 runs, 0 hits, 0 errors, 0 left on base; Toledo 6 - Charlotte 2 |
TOP OF THE 6TH |
Toledo Mud Hens batting - Pitching for Charlotte Knights : RHP Jon Huizenga
|
Batting: RHB Casey Knutson
|
0-0: Ball 1-0: Foul Ball, location: 2F 1-1: DOUBLE (Line Drive, 9LM, EV 110.0 MPH)
|
Batting: RHB Josh Stinnett
|
0-0: Ball 1-0: Ball 2-0: Ball 3-0: Called Strike 3-1: Base on Balls
|
Batting: RHB Brady Jeleniewski
|
0-0: Ball 1-0: Swinging Strike 1-1: Foul Ball, location: 2F 1-2: Ball 2-2: Ball 3-2: Foul Ball, location: 2F 3-2: Base on Balls Casey Knutson to third Josh Stinnett to second
|
Batting: LHB Jamel Alexander
|
0-0: Swinging Strike 0-1: Ball 1-1: Ball 2-1: Foul Ball, location: 2F 2-2: Ball 3-2: Foul Ball, location: 2F 3-2: Base on Balls Casey Knutson scores Josh Stinnett to third Brady Jeleniewski to second
|
Pitching: RHP Carlos Gomez
|
|
Batting: RHB Tim Borden
|
0-0: Ball 1-0: Called Strike 1-1: Foul Ball, location: 2F 1-2: Ball 2-2: Ball 3-2: Base on Balls Josh Stinnett scores Brady Jeleniewski to third Jamel Alexander to second
|
Batting: RHB Dave Calder
|
0-0: Called Strike 0-1: Ball 1-1: Ball 2-1: Ball 3-1: Base on Balls Brady Jeleniewski scores Jamel Alexander to third Tim Borden to second
|
Batting: RHB Zach Koblinski
|
0-0: Foul Ball, location: 2F 0-1: Ball 1-1: Ball 2-1: Called Strike 2-2: SINGLE (Groundball, 25, EV 71.9 MPH) (infield hit) Jamel Alexander scores Tim Borden to third Dave Calder to second
|
Batting: SHB Raul Morales
|
0-0: Ball 1-0: Foul Ball, location: 2F 1-1: Foul Ball, location: 2F 1-2: Strikes out swinging
|
Batting: SHB Jared Boyce
|
0-0: Hit by Pitch Tim Borden scores Dave Calder to third Zach Koblinski to second
|
Batting: RHB Casey Knutson
|
0-0: Called Strike 0-1: Fly out, F6 (Line Drive, 6, EV 65.0 MPH)
|
Batting: RHB Josh Stinnett
|
0-0: Ball 1-0: Ball 2-0: Called Strike 2-1: Fly out, F6 (Line Drive, 6, EV 62.5 MPH)
|
Top of the 6th over - 5 runs, 2 hits, 0 errors, 3 left on base; Toledo 11 - Charlotte 2 |
BOTTOM OF THE 6TH |
Charlotte Knights batting - Pitching for Toledo Mud Hens : RHP Gordie Pierson
|
Batting: LHB Sonny Flood
|
0-0: Ball 1-0: Ball 2-0: Foul Ball, location: 2F 2-1: SINGLE (Groundball, 3D, EV 101.9 MPH)
|
Batting: LHB Jorge Rosales
|
0-0: Ball 1-0: Called Strike 1-1: Fly out, F8 (Flyball, 8LD, EV 93.1 MPH)
|
Batting: RHB Will Washburn
|
0-0: Swinging Strike 0-1: Called Strike 0-2: Ball 1-2: Ball 2-2: Fly out, F7 (Line Drive, 7, EV 92.5 MPH)
|
Batting: LHB Brian Dickeson
|
0-0: Called Strike 0-1: Ball 1-1: Foul Ball, location: 2F 1-2: Strikes out looking
|
Bottom of the 6th over - 0 runs, 1 hit, 0 errors, 1 left on base; Toledo 11 - Charlotte 2 |
TOP OF THE 7TH |
Toledo Mud Hens batting - Pitching for Charlotte Knights : RHP Carlos Gomez
|
Batting: RHB Brady Jeleniewski
|
0-0: Called Strike 0-1: Ball 1-1: Ball 2-1: Ball 3-1: Swinging Strike 3-2: Foul Ball, location: 2F 3-2: Base on Balls
|
Pitching: RHP Michael McMurry
|
|
Batting: LHB Jamel Alexander
|
0-0: Ball 1-0: Ball 2-0: Ball 3-0: Called Strike 3-1: Fly out, F8 (Flyball, 8RD, EV 90.0 MPH)
|
Batting: RHB Tim Borden
|
0-0: Grounds into double play, 6-4-3 (Groundball, 6, EV 100.0 MPH)
|
Top of the 7th over - 0 runs, 0 hits, 0 errors, 0 left on base; Toledo 11 - Charlotte 2 |
BOTTOM OF THE 7TH |
Charlotte Knights batting - Pitching for Toledo Mud Hens : RHP Gordie Pierson
|
Batting: RHB Erik Christensen
|
0-0: Swinging Strike 0-1: Swinging Strike 0-2: Strikes out swinging
|
Batting: RHB Harvey Harvey
|
0-0: Ball 1-0: Foul Ball, location: 2F 1-1: Fly out, F9 (Flyball, 89S, EV 86.9 MPH)
|
Batting: RHB Jeff Cox
|
0-0: Called Strike 0-1: Ground out 3-1 (Groundball, 34S, EV 80.0 MPH)
|
Bottom of the 7th over - 0 runs, 0 hits, 0 errors, 0 left on base; Toledo 11 - Charlotte 2 |
TOP OF THE 8TH |
Toledo Mud Hens batting - Pitching for Charlotte Knights : RHP Michael McMurry
|
Batting: RHB Dave Calder
|
0-0: Called Strike 0-1: Foul Ball, location: 2F 0-2: Strikes out swinging
|
Batting: RHB Zach Koblinski
|
0-0: Called Strike 0-1: Ball 1-1: Ball 2-1: Foul Ball, location: 2F 2-2: Fly out, F9 (Flyball, 9LS, EV 85.0 MPH)
|
Batting: SHB Raul Morales
|
0-0: Ground out 4-3 (Groundball, 4, EV 99.4 MPH)
|
Top of the 8th over - 0 runs, 0 hits, 0 errors, 0 left on base; Toledo 11 - Charlotte 2 |
BOTTOM OF THE 8TH |
Charlotte Knights batting - Pitching for Toledo Mud Hens : RHP Gordie Pierson
|
Batting: LHB Hirakito Herring
|
0-0: Ball 1-0: Ball 2-0: Called Strike 2-1: Ball 3-1: Swinging Strike 3-2: Strikes out looking
|
Pinch Hitting: RHB Chris Baxter
|
0-0: Ball 1-0: Foul Ball, location: 2F 1-1: SINGLE (Groundball, 56D, EV 98.1 MPH)
|
Batting: LHB Sonny Flood
|
0-0: Foul Ball, location: 2F 0-1: Foul Ball, location: 2F 0-2: Ball 1-2: SINGLE (Groundball, 4MS, EV 70.0 MPH) (infield hit) Chris Baxter to second
|
Pitching: RHP Mike Kirk
|
|
Batting: LHB Jorge Rosales
|
0-0: Called Strike 0-1: Swinging Strike 0-2: Foul Ball, location: 2F 0-2: 3-RUN HOME RUN (Flyball, 89XD, EV 97.5 MPH), Distance : 389 ft
|
Batting: RHB Will Washburn
|
0-0: Ball 1-0: Ball 2-0: Ball 3-0: Called Strike 3-1: Fly out, F9 (Flyball, 9LD, EV 89.4 MPH)
|
Batting: LHB Brian Dickeson
|
0-0: Called Strike 0-1: Ball 1-1: Ball 2-1: Ball 3-1: SINGLE (Groundball, 3D, EV 98.8 MPH)
|
Batting: RHB Erik Christensen
|
0-0: Ball 1-0: Foul Ball, location: 2F 1-1: Ball 2-1: Fly out, F3 (Popup, 34S, EV 80.0 MPH)
|
Bottom of the 8th over - 3 runs, 4 hits, 0 errors, 1 left on base; Toledo 11 - Charlotte 5 |
TOP OF THE 9TH |
Toledo Mud Hens batting - Pitching for Charlotte Knights : RHP Michael McMurry
|
Now at 1B: Chris Baxter
|
|
Batting: SHB Jared Boyce
|
0-0: Swinging Strike 0-1: Ball 1-1: Ball 2-1: Foul Ball, location: 2F 2-2: DOUBLE (Line Drive, 7LM, EV 106.3 MPH)
|
Batting: RHB Casey Knutson
|
0-0: Called Strike 0-1: Ball 1-1: Ball 2-1: Foul Ball, location: 2F 2-2: Foul Ball, location: 2F 2-2: Ball 3-2: Foul Ball, location: 2F 3-2: Foul Ball, location: 2F 3-2: TRIPLE (Groundball, 3L, EV 106.9 MPH) Jared Boyce scores
|
Pitching: RHP Jorge Mora
|
|
Pinch Hitting: LHB Howie Gutierrez
|
0-0: Ball 1-0: Foul Ball, location: 2F 1-1: Ball 2-1: Foul Ball, location: 2F 2-2: SINGLE (Groundball, 25, EV 60.0 MPH) (infield hit)
|
Batting: RHB Brady Jeleniewski
|
0-0: Called Strike 0-1: Swinging Strike 0-2: Ball 1-2: Ball 2-2: 3-RUN HOME RUN (Flyball, 9LD, EV 92.5 MPH), Distance : 350 ft
|
Batting: LHB Jamel Alexander
|
0-0: Called Strike 0-1: Foul Ball, location: 2F 0-2: Ball 1-2: Ball 2-2: Strikes out swinging
|
Batting: RHB Tim Borden
|
0-0: Foul Ball, location: 2F 0-1: Foul Ball, location: 2F 0-2: SOLO HOME RUN (Flyball, 78XD, EV 99.4 MPH), Distance : 400 ft
|
Batting: RHB Dave Calder
|
0-0: Fly out, F7 (Flyball, 7LM, EV 93.8 MPH)
|
Batting: RHB Zach Koblinski
|
0-0: Swinging Strike 0-1: Foul Ball, location: 2F 0-2: Ball 1-2: Strikes out swinging
|
Top of the 9th over - 5 runs, 5 hits, 0 errors, 0 left on base; Toledo 16 - Charlotte 5 |
BOTTOM OF THE 9TH |
Charlotte Knights batting - Pitching for Toledo Mud Hens : RHP Mike Kirk
|
Now at 2B: Howie Gutierrez
|
|
Batting: RHB Harvey Harvey
|
0-0: Foul Ball, location: 2F 0-1: SINGLE (Groundball, P, EV 86.9 MPH) (infield hit)
|
Batting: RHB Jeff Cox
|
0-0: Called Strike 0-1: Swinging Strike 0-2: Ball 1-2: Foul Ball, location: 2F 1-2: Ball 2-2: Ball 3-2: Base on Balls Harvey Harvey to second
|
Batting: LHB Hirakito Herring
|
0-0: Called Strike 0-1: Fielders Choice at 2nd, 3-6 (Groundball, 3, EV 93.8 MPH) Harvey Harvey to third
|
Pinch Hitting: RHB Darwin Mills
|
0-0: Ball 1-0: Called Strike 1-1: Ball 2-1: Called Strike 2-2: Ball 3-2: Strikes out looking
|
Batting: LHB Sonny Flood
|
0-0: SINGLE (Line Drive, 9, EV 87.5 MPH) Harvey Harvey scores Hirakito Herring to second
|
Batting: LHB Jorge Rosales
|
0-0: Fly out, F7 (Flyball, 7, EV 81.3 MPH)
|
Bottom of the 9th over - 1 run, 2 hits, 0 errors, 2 left on base; Toledo 16 - Charlotte 6 |
|